AoeStats
← jorshy04

Arena

510031096Analyzed
4v4 RM · 4d ago on Sep 29, 2026· 80m 9s· 8 players
Game mode
Random Map
Map size
Large (8 player)
Population
200
Speed
Normal
Resources
Standard
Victory
Conquest
Starting age
Dark Age
Ending age
Imperial Age
RankedLock teamsTeams togetherTeam positionsShared explorationLock speedFull tech treeHidden civsTurbo modeCheats
Victory
Defeat
🇨🇴 Teutons · Colombia
1132
+8
🇨🇱 Teutons · Chile
1004
+33
🇯🇵 Khmer · Japan
897
+16
🇨🇴 Spanish · Colombia
690
+25
🇵🇪 Teutons · Peru
1030
-20
🇨🇴 Italians · Colombia
922
-16
🇳🇮 Ethiopians · Nicaragua
860
-13
🇨🇴 Saracens · Colombia
825
-12
Georg86
5:33 Loom
12:46 Feudal Age
13:45 Double-Bit Axe
14:32 Horse Collar
19:24 Gold Mining
19:56 Bloodlines
19:43 Fletching
19:53 Padded Archer Armor
20:12 Forging
20:02 Scale Mail Armor
20:08 Scale Barding Armor
20:03 Stone Mining
25:54 Castle Age
27:23 Bow Saw
27:14 Heavy Plow
26:40 Crossbowman
27:33 Thumb Ring
29:45 Bodkin Arrow
30:06 Leather Archer Armor
30:28 Iron Casting
30:35 Fervor
30:37 Elite Skirmisher
32:34 Wheelbarrow
32:41 Gold Shaft Mining
32:47 Sanctity
36:30 Husbandry
35:51 Light Cavalry
40:26 Chain Barding Armor
40:22 Chain Mail Armor
40:38 Bimaristan
46:19 Imperial Age
43:36 Town Watch
43:42 Gambesons
44:01 Squires
45:37 Hand Cart
44:49 Pikeman
46:24 Heavy Camel Rider
47:00 Arson
47:41 Hussar
49:00 Conscription
48:56 Bracer
50:07 Town Patrol
49:45 Arbalester
50:51 Murder Holes
53:12 Ballistics
53:05 Masonry
53:07 Fortified Wall
52:46 Man-at-Arms
55:14 Chemistry
55:26 Long Swordsman
56:38 Two-Handed Swordsman
63:12 Parthian Tactics
64:04 Capped Ram
67:01 Champion
71:40 Siege Engineers
71:21 Arrowslits
71:02 Siege Ram
74:47 Guard Tower
78:35 Plate Mail Armor
alejo s11
9:06 Loom
12:06 Feudal Age
16:27 Castle Age
14:48 Stone Mining
15:04 Fletching
16:04 Loom
16:22 Double-Bit Axe
24:09 Horse Collar
25:38 Murder Holes
26:13 Padded Archer Armor
27:38 Heavy Plow
28:58 Ballistics
32:43 Imperial Age
30:31 Gold Mining
31:02 Fortified Wall
31:51 Wheelbarrow
32:01 Stone Shaft Mining
31:39 Scale Mail Armor
33:48 Forging
33:40 Bodkin Arrow
35:15 Chemistry
34:40 Bow Saw
34:18 Treadmill Crane
34:49 Masonry
38:47 Architecture
38:09 Pikeman
40:01 Forging
39:55 Squires
42:23 Two-Man Saw
41:45 Bracer
43:02 Leather Archer Armor
45:54 Scale Barding Armor
46:07 Light Cavalry
48:19 Bloodlines
49:39 Chain Barding Armor
51:40 Hoardings
51:30 Conscription
53:37 Husbandry
56:22 Hussar
59:17 Chain Barding Armor
60:29 Iron Casting
62:32 Plate Barding Armor
64:39 Blast Furnace
66:58 Chain Mail Armor
66:42 Arson
76:26 Caravan
76:47 Elite Skirmisher
77:50 Thumb Ring
Mar strong
10:13 Feudal Age
15:23 Castle Age
14:26 Double-Bit Axe
14:24 Horse Collar
18:51 Wheelbarrow
23:00 Gold Mining
24:20 Bow Saw
26:39 Stone Mining
26:46 Town Watch
27:18 Hand Cart
28:33 Heavy Plow
32:21 Imperial Age
30:46 Stone Shaft Mining
31:35 Padded Archer Armor
31:26 Fletching
32:05 Fortified Wall
31:25 Crossbowman
32:15 Thumb Ring
34:14 Chemistry
34:30 Arbalester
36:18 Light Cavalry
37:02 Husbandry
38:32 Gold Shaft Mining
38:08 Hussar
40:53 Scale Barding Armor
42:40 Chain Barding Armor
41:51 Heavy Camel Rider
44:08 Onager
52:26 Two-Man Saw
55:35 Elite Skirmisher
57:03 Leather Archer Armor
56:44 Bodkin Arrow
58:29 Bracer
58:59 Ring Archer Armor
67:47 Halberdier
68:34 Scale Mail Armor
68:45 Forging
77:58 Iron Casting
77:39 Chain Mail Armor
jairo
11:34 Feudal Age
16:14 Castle Age
14:38 Double-Bit Axe
14:47 Horse Collar
19:38 Wheelbarrow
25:03 Hand Cart
25:05 Heavy Plow
25:08 Loom
31:12 Imperial Age
30:08 Bow Saw
29:51 Gold Mining
29:53 Stone Mining
30:28 Redemption
31:29 Forging
31:24 Scale Barding Armor
32:09 Masonry
32:28 Ballistics
34:51 Two-Man Saw
33:21 Pikeman
34:01 Squires
33:48 Arson
33:31 Capped Ram
34:58 Ironclad
35:01 Conscription
35:09 Block Printing
34:56 Halberdier
38:26 Iron Casting
38:11 Chain Barding Armor
40:27 Blast Furnace
39:28 Scale Mail Armor
39:49 Chain Barding Armor
40:17 Stone Shaft Mining
40:49 Chemistry
40:27 Crenellations
41:20 Bloodlines
40:30 Cavalier
43:26 Elite Teutonic Knight
44:40 Chain Mail Armor
45:00 Plate Barding Armor
45:14 Fortified Wall
46:48 Siege Engineers
47:17 Cavalier
48:30 Plate Mail Armor
49:29 Paladin
51:14 Fletching
51:25 Padded Archer Armor
52:56 Bodkin Arrow
53:16 Leather Archer Armor
53:36 Coinage
53:17 Guilds
53:07 Caravan
53:44 Man-at-Arms
54:10 Gambesons
55:43 Long Swordsman
56:25 Two-Handed Swordsman
57:03 Champion
64:26 Banking
jorshy04
8:43 Loom
11:33 Feudal Age
14:25 Double-Bit Axe
15:23 Scale Barding Armor
15:38 Forging
18:43 Castle Age
18:04 Gold Mining
18:51 Scale Mail Armor
20:22 Squires
21:33 Chain Mail Armor
22:21 Stone Mining
23:26 Elite Skirmisher
24:30 Horse Collar
26:15 Heavy Plow
26:30 Bow Saw
27:38 Husbandry
30:26 Thumb Ring
30:53 Padded Archer Armor
33:49 Fletching
34:15 Leather Archer Armor
38:19 Stone Shaft Mining
37:41 Pikeman
39:19 Ballistics
40:02 Bodkin Arrow
40:28 Chain Barding Armor
40:43 Iron Casting
46:46 Imperial Age
44:53 Wheelbarrow
50:53 Plate Barding Armor
50:51 Ring Archer Armor
50:22 Bracer
51:23 Blast Furnace
50:55 Plate Mail Armor
49:56 Halberdier
54:41 Two-Man Saw
53:34 Cavalier
54:26 Bloodlines
53:37 Light Cavalry
57:32 Chemistry
57:52 Capped Ram
69:17 Paladin
FC_Satuplese
2:37 Loom
11:51 Feudal Age
17:54 Castle Age
16:57 Double-Bit Axe
17:08 Stone Mining
17:00 Horse Collar
22:20 Gold Mining
22:50 Forging
22:43 Scale Mail Armor
23:11 Fletching
24:53 Wheelbarrow
26:22 Heavy Plow
27:03 Hand Cart
27:26 Gambesons
27:42 Squires
30:20 Imperial Age
28:31 Town Watch
28:13 Elite Skirmisher
30:12 Iron Casting
30:09 Masonry
30:21 Ballistics
31:31 Conscription
33:35 Guilds
33:54 Town Patrol
37:52 Blast Furnace
36:57 Scale Barding Armor
38:11 Stone Shaft Mining
38:06 Bloodlines
37:17 Cavalier
38:51 Crop Rotation
38:34 Padded Archer Armor
40:33 Siege Engineers
40:59 Bow Saw
41:55 Paladin
49:00 Ironclad
49:05 Crenellations
50:24 Bodkin Arrow
50:52 Chain Barding Armor
58:00 Hoardings
64:18 Plate Barding Armor
alexpezoamori
11:46 Feudal Age
15:19 Double-Bit Axe
15:17 Horse Collar
23:18 Castle Age
21:39 Man-at-Arms
24:19 Long Swordsman
24:46 Gambesons
36:46 Imperial Age
35:39 Ballistics
37:39 Elite Teutonic Knight
38:39 Stone Mining
38:40 Gold Mining
40:04 Bow Saw
41:18 Caravan
42:55 Loom
43:17 Heavy Plow
45:14 Crenellations
46:29 Guilds
45:47 Crossbowman
46:39 Cavalier
51:34 Stone Shaft Mining
52:45 Wheelbarrow
51:55 Town Watch
54:45 Crop Rotation
55:20 Two-Man Saw
53:51 Capped Ram
59:19 Ironclad
58:27 Paladin
61:10 Two-Handed Swordsman
61:13 Pikeman
61:54 Squires
61:40 Arson
62:14 Forging
62:05 Scale Mail Armor
62:11 Scale Barding Armor
62:07 Padded Archer Armor
61:57 Fletching
63:13 Chemistry
61:59 Arrowslits
62:19 Siphons
66:52 Iron Casting
66:33 Chain Mail Armor
66:38 Chain Barding Armor
66:34 Leather Archer Armor
66:14 Bodkin Arrow
72:18 Champion
77:57 Halberdier
lesserpanda1300
2:03 Loom
12:51 Feudal Age
13:19 Double-Bit Axe
13:17 Horse Collar
19:33 Castle Age
17:43 Stone Mining
17:48 Gold Mining
18:28 Bloodlines
18:24 Fletching
19:38 Forging
19:36 Scale Barding Armor
21:36 Husbandry
22:39 Wheelbarrow
26:11 Bow Saw
26:05 Heavy Plow
32:43 Imperial Age
31:02 Gold Shaft Mining
30:51 Ballistics
31:17 Iron Casting
30:51 Murder Holes
30:28 Light Cavalry
32:11 Chain Barding Armor
32:16 Bodkin Arrow
33:46 Double Crossbow
34:07 Conscription
33:11 Heavy Scorpion
35:09 Chemistry
35:16 Crop Rotation
35:12 Hand Cart
34:54 Hussar
42:32 Capped Ram
53:17 Fortified Wall
54:24 Blast Furnace
53:25 Bracer
54:01 Plate Barding Armor
58:21 Coinage
57:52 Caravan
60:00 Banking
59:36 Scale Mail Armor
59:36 Padded Archer Armor
59:45 Siege Engineers
62:42 Masonry
62:06 Siege Ram
Connection lost

Rejoining the realm…

Still unreachable

The connection could not be restored.

Session expired

The server has moved on; the page needs a fresh start.